Panthers vs Kings

Created - February 17, 2017 at 19:41

Goals
1 2 3 OT1 T
Panthers 0 1 2 0 3
Kings 1 0 2 1 4
Shots
1 2 3 OT1 T
Panthers 12 14 8 1 35
Kings 14 4 9 3 30

1st period

1. Kings , Tomas Tatar 14 (Daniel Sedin, Niklas Kronwall) at 16:35 (PP)

Penalties :
Evgeny Medvedev (LOS) for Fighting (Major) at 1:58, Nikolaj Ehlers (FLA) for Fighting (Major) at 1:58, Stephen Johns (LOS) for Hooking (Minor) at 3:48, Trevor van Riemsdyk (FLA) for Holding (Minor) at 16:19

2nd period

2. Panthers , Matt Duchene 22 (Danny DeKeyser) at 0:17

Penalties :
Zemgus Girgensons (LOS) for Holding (Minor) at 6:10, Jesper Fast (FLA) for Hooking (Minor) at 6:10, Chris Kunitz (LOS) for Roughing (Minor) at 8:38, Evgeny Medvedev (LOS) for Hooking (Minor) at 11:14, Scott Hartnell (LOS) for Boarding (Double Minor) at 16:54

3rd period

3. Panthers , Justin Braun 3 (Matt Duchene, T.J. Brodie) at 2:56
4. Kings , Jonathan Toews 35 (Daniel Sedin, Evgeny Medvedev) at 3:39
5. Panthers , Pavel Datsyuk 21 (Joe Thornton) at 9:16
6. Kings , Zemgus Girgensons 1 (Patrik Berglund, Victor Rask) at 16:29 (PP)

Penalties :
Joe Thornton (FLA) for Hooking (Minor) at 3:54, Zemgus Girgensons (LOS) for Diving (Minor) at 9:17, Jesper Fast (FLA) for Tripping (Minor) at 14:55, Scott Hartnell (LOS) for Hooking (Minor) at 18:03

Overtime #1

7. Kings , Scott Hartnell 16 (Victor Rask, Niklas Kronwall) at 4:43

Penalties :
No Penalty

Goalie Stats

Marc-Andre Fleury (FLA), 26 saves from 30 shots - (0.867), OTL, 33-17-3, 64:44 minutes
Steve Mason (LOS), 32 saves from 35 shots - (0.914), W, 33-16-4, 64:44 minutes

Players Stats for Panthers

Player Name              G  A  P  +/- PIM S  H  SB GA TA FO     MP     PP MP  PK MP  
------------------------------------------------------------------------------------
Adam Pelech              0  0  0   0  0   0  0  0  0  0  0/0     0:31   0:00   0:00 
Alex Tanguay             0  0  0   0  0   0  0  0  0  0  0/0    10:56   0:00   0:12 
Artem Anisimov           0  0  0   0  0   3  1  0  0  0  11/21  22:23   6:48   1:50 
Danny DeKeyser           0  1  1   1  0   0  0  1  0  0  0/0    21:18   5:52   0:00 
Jacob Trouba             0  0  0   1  0   2  0  0  0  0  0/0    26:55   7:59   1:54 
Jesper Fast              0  0  0   1  4   2  1  0  0  0  0/0    18:09   0:00   0:53 
Joe Thornton             0  1  1   1  2   2  1  0  0  0  18/27  20:04   7:03   0:12 
Justin Braun             1  0  1   1  0   2  1  3  0  0  0/0    20:10   0:00   1:55 
Matt Duchene             1  1  2   1  0   4  1  0  0  0  12/24  20:43   6:48   0:00 
Mikkel Boedker           0  0  0   0  0   1  0  0  0  0  0/0    13:11   1:10   0:00 
Nikolaj Ehlers           0  0  0   1  5   1  2  0  0  0  0/1    17:37   5:54   0:00 
Pavel Datsyuk            1  0  1   1  0   4  1  0  0  0  2/4    26:37   6:47   2:44 
Pierre-Edouard Bellemare 0  0  0   0  0   1  0  0  0  0  1/6     6:20   0:00   1:47 
Reid Boucher             0  0  0   0  0   3  0  0  0  0  0/0     4:33   0:00   0:00 
T.J. Brodie              0  1  1   1  0   2  1  0  0  0  0/0    29:40   7:59   1:55 
Trevor van Riemsdyk      0  0  0   0  2   0  1  1  0  0  0/0    11:26   0:00   0:00 
Tyler Myers              0  0  0   0  0   0  0  0  0  0  0/0    19:27   5:52   1:54 
Vladimir Tarasenko       0  0  0   1  0   8  5  0  0  0  0/1    23:03   7:03   0:00 

Players Stats for Kings

Player Name              G  A  P  +/- PIM S  H  SB GA TA FO     MP     PP MP  PK MP  
------------------------------------------------------------------------------------
Chris Kunitz             0  0  0   0  2   2  2  1  0  0  0/1     9:19   0:00   1:18 
Cody Goloubef            0  0  0   1  0   1  0  2  0  0  0/0    18:04   0:00   5:36 
Dan Hamhuis              0  0  0  -2  0   3  3  2  0  0  0/0    28:34   2:10   7:39 
Daniel Sedin             0  2  2  -1  0   2  0  1  0  0  0/1    22:02   1:39   0:00 
Derek MacKenzie          0  0  0   0  0   0  0  0  0  0  11/25  12:32   0:00   8:32 
Evgeny Medvedev          0  1  1   1  7   0  2  2  0  0  0/0    12:26   0:00   0:45 
Fedor Tyutin             0  0  0  -1  0   0  4  1  0  0  0/0    23:00   0:00   5:44 
J.T. Brown               0  0  0   0  0   0  1  0  0  0  0/0    12:29   0:00   8:29 
Jonathan Toews           1  0  1  -1  0   7  2  2  0  0  12/22  22:02   1:39   0:00 
Mikael Granlund          0  0  0  -1  0   3  2  0  0  0  11/18  15:15   2:10   0:24 
Nikita Soshnikov         0  0  0   0  0   1  0  0  0  0  0/0     4:00   0:00   0:00 
Niklas Kronwall          0  2  2  -2  0   1  4  2  0  0  0/0    28:24   1:39   7:45 
Patrik Berglund          0  1  1   0  0   0  0  0  0  0  4/11   15:28   2:10   4:58 
Scott Hartnell           1  0  1  -1  6   3  3  0  0  0  0/2    15:09   1:39   0:00 
Stephen Johns            0  0  0  -1  2   0  3  1  0  0  0/0    15:08   0:00   0:19 
Tomas Tatar              1  0  1  -1  0   3  0  0  0  0  0/0    19:07   1:39   0:00 
Victor Rask              0  2  2  -1  0   0  0  0  0  0  2/3    15:42   2:10   0:00 
Zemgus Girgensons        1  0  1   0  4   4  3  0  0  0  0/1    14:14   2:10   4:04 

3 Stars

1 - Matt Duchene (FLA)
2 - Justin Braun (FLA)
3 - Pavel Datsyuk (FLA)

Power Play

Panthers - 0 on 7 Attempt(s) - 0.00%
Kings - 2 on 3 Attempt(s) - 66.67%

Penalty Kill

Panthers - 1 on 3 Attempt(s) - 33.33% - Score 0 goal in Penalty Kill
Kings - 7 on 7 Attempt(s) - 100.00% - Score 0 goal in Penalty Kill

Team Stat

Panthers - Hits : 15 - Faceoff Wins : 44 - Blocked Shots : 5 - Penalty Minutes : 13
Kings - Hits : 29 - Faceoff Wins : 40 - Blocked Shots : 14 - Penalty Minutes : 21

Official

Referees : Tom Kowal and Mike Leggo
Linesman : Devin Berg and Brad Kovachik

Game Notes

Evgeny Medvedev and Nikolaj Ehlers fight to a draw at 1:58 of 1st period

Finance

Level 1 -- Attendance: 6500 (100.00%) -- Ticket Income $474,500
Level 2 -- Attendance: 5000 (100.00%) -- Ticket Income $315,000
Level 3 -- Attendance: 3465 (99.00%) -- Ticket Income $166,320
Level 4 -- Attendance: 2093 (98.82%) -- Ticket Income $94,185
Luxury Box -- Attendance: 917 (91.70%) -- Ticket Income $172,396
Game was played at the Staples Center.
Total Attendance: 17975 (99.21%)
Total Ticket Income: $1,222,401
Other Income: $183,360
Total Income: $1,405,761

% Time on Ice - Panthers

Lines # - Real PCT - Wanted PCT - Time Play
Normal Forward
1 - 32% - 37% - 12:45
2 - 31% - 33% - 12:19
3 - 27% - 25% - 10:44
4 - 11% - 5% - 4:33
Normal Defense
1 - 40% - 40% - 15:59
2 - 32% - 35% - 12:55
3 - 27% - 25% - 11:00
4 - 1% - 0% - 0:27
PP Forward
1 - 49% - 50% - 6:48
2 - 51% - 50% - 7:03
PP Defense
1 - 58% - 60% - 7:59
2 - 42% - 40% - 5:52
PK Forward
1 - 52% - 50% - 1:59
2 - 48% - 50% - 1:50
PK Defense
1 - 50% - 60% - 1:54
2 - 50% - 40% - 1:55
PK3 Forward
1 - 0% - 60%
2 - 0% - 40%
PK3 Defense
1 - 0% - 60%
2 - 0% - 40%
44 Forward
1 - 61% - 60% - 1:14
2 - 39% - 40% - 0:48
44 Defense
1 - 61% - 60% - 1:14
2 - 39% - 40% - 0:48
Last Minute Offensive  - 0:00
Last Minute Defensive  - 0:00
Total
Forward - 60:03
Defense - 60:03

% Time on Ice - Kings

Lines # - Real PCT - Wanted PCT - Time Play
Normal Forward
1 - 41% - 40% - 16:42
2 - 29% - 30% - 11:37
3 - 20% - 20% - 8:02
4 - 10% - 10% - 4:00
Normal Defense
1 - 35% - 40% - 14:05
2 - 36% - 30% - 14:33
3 - 24% - 20% - 9:51
4 - 5% - 10% - 1:52
PP Forward
1 - 43% - 60% - 1:39
2 - 57% - 40% - 2:10
PP Defense
1 - 43% - 60% - 1:39
2 - 57% - 40% - 2:10
PK Forward
1 - 64% - 60% - 8:53
2 - 36% - 40% - 4:58
PK Defense
1 - 57% - 60% - 7:55
2 - 43% - 40% - 5:56
PK3 Forward
1 - 100% - 60% - 0:03
2 - 0% - 40% - 0:00
PK3 Defense
1 - 100% - 60% - 0:03
2 - 0% - 40% - 0:00
44 Forward
1 - 61% - 60% - 1:13
2 - 39% - 40% - 0:46
44 Defense
1 - 57% - 60% - 1:08
2 - 43% - 40% - 0:51
Last Minute Offensive  - 0:00
Last Minute Defensive  - 0:00
Total
Forward - 60:03
Defense - 60:03

Play by Play

1st period


0:01 of 1st period - Matt Duchene wins face-off versus Jonathan Toews in neutral zone.
0:03 of 1st period - Off-side.
0:04 of 1st period - Joe Thornton wins face-off versus Mikael Granlund in neutral zone.
0:23 of 1st period - Shot by Scott Hartnell.
0:23 of 1st period - Stopped by Marc-Andre Fleury without a rebound.
0:24 of 1st period - Artem Anisimov wins face-off versus Jonathan Toews in Panthers zone.
0:28 of 1st period - Mikkel Boedker is hit by Niklas Kronwall and loses puck.
1:58 of 1st period - Evgeny Medvedev and Nikolaj Ehlers fight to a draw.
1:58 of 1st period - Penalty to Evgeny Medvedev for Fighting.
1:58 of 1st period - Penalty to Nikolaj Ehlers for Fighting.
1:59 of 1st period - Joe Thornton wins face-off versus Mikael Granlund in Kings zone.
2:08 of 1st period - Shot by Joe Thornton.
2:08 of 1st period - Deflect By Vladimir Tarasenko.
2:08 of 1st period - Stopped by Steve Mason without a rebound.
2:09 of 1st period - Derek MacKenzie wins face-off versus Vladimir Tarasenko in Kings zone.
2:18 of 1st period - Shot by Nikita Soshnikov.
2:18 of 1st period - Stopped by Marc-Andre Fleury without a rebound.
2:19 of 1st period - Mikael Granlund wins face-off versus Matt Duchene in Panthers zone.
2:25 of 1st period - Pavel Datsyuk is hit by Niklas Kronwall and loses puck.
2:29 of 1st period - Jesper Fast is hit by Niklas Kronwall and loses puck.
2:42 of 1st period - Shot by Jesper Fast.
2:42 of 1st period - Shot Misses the Net.
2:51 of 1st period - Matt Duchene is hit by Niklas Kronwall and loses puck.
3:48 of 1st period - Minor Penalty to Stephen Johns for Hooking.
3:49 of 1st period - Joe Thornton wins face-off versus Derek MacKenzie in Kings zone.
4:04 of 1st period - Shot by Vladimir Tarasenko.
4:04 of 1st period - Stopped by Steve Mason without a rebound.
4:05 of 1st period - Matt Duchene wins face-off versus Derek MacKenzie in Kings zone.
4:11 of 1st period - Shot by Artem Anisimov.
4:11 of 1st period - Stopped by Steve Mason without a rebound.
4:12 of 1st period - Derek MacKenzie wins face-off versus Joe Thornton in Kings zone.
5:34 of 1st period - Shot by Matt Duchene.
5:34 of 1st period - Shot Misses the Net.
5:54 of 1st period - Shot by Jonathan Toews.
5:54 of 1st period - Stopped by Marc-Andre Fleury with a rebound.
5:56 of 1st period - Shot by Cody Goloubef.
5:56 of 1st period - Shot Misses the Net.
5:58 of 1st period - Shot by Jonathan Toews.
5:58 of 1st period - Shot Misses the Net.
6:00 of 1st period - Shot by Tomas Tatar.
6:00 of 1st period - Shot Misses the Net.
6:02 of 1st period - Shot by Jonathan Toews.
6:02 of 1st period - Stopped by Marc-Andre Fleury with a rebound.
6:04 of 1st period - Shot by Cody Goloubef.
6:04 of 1st period - Stopped by Marc-Andre Fleury without a rebound.
6:05 of 1st period - Mikael Granlund wins face-off versus Pierre-Edouard Bellemare in Panthers zone.
7:28 of 1st period - Shot by Jonathan Toews.
7:28 of 1st period - Stopped by Marc-Andre Fleury without a rebound.
7:29 of 1st period - Patrik Berglund wins face-off versus Joe Thornton in Panthers zone.
7:36 of 1st period - Shot by Chris Kunitz.
7:36 of 1st period - Stopped by Marc-Andre Fleury without a rebound.
7:37 of 1st period - Joe Thornton wins face-off versus Zemgus Girgensons in Panthers zone.
8:04 of 1st period - Shot by Pavel Datsyuk.
8:04 of 1st period - Shot Blocked by Chris Kunitz.
8:57 of 1st period - Shot by Matt Duchene.
8:57 of 1st period - Stopped by Steve Mason without a rebound.
8:58 of 1st period - Artem Anisimov wins face-off versus Derek MacKenzie in Kings zone.
8:59 of 1st period - Shot by Mikkel Boedker.
8:59 of 1st period - Stopped by Steve Mason without a rebound.
9:00 of 1st period - Jonathan Toews wins face-off versus Artem Anisimov in Kings zone.
10:01 of 1st period - Off-side.
10:02 of 1st period - Joe Thornton wins face-off versus Derek MacKenzie in neutral zone.
10:18 of 1st period - Shot by Pavel Datsyuk.
10:18 of 1st period - Stopped by Steve Mason without a rebound.
10:19 of 1st period - Mikael Granlund wins face-off versus Matt Duchene in Kings zone.
10:19 of 1st period - Mikael Granlund is hit by Jesper Fast.
10:51 of 1st period - Matt Duchene is hit by Stephen Johns and loses puck.
10:58 of 1st period - Shot by Mikael Granlund.
10:58 of 1st period - Stopped by Marc-Andre Fleury without a rebound.
10:59 of 1st period - Joe Thornton wins face-off versus Jonathan Toews in Panthers zone.
11:16 of 1st period - Shot by Tomas Tatar.
11:16 of 1st period - Stopped by Marc-Andre Fleury without a rebound.
11:17 of 1st period - Derek MacKenzie wins face-off versus Artem Anisimov in Panthers zone.
12:15 of 1st period - Icing by Niklas Kronwall.
12:16 of 1st period - Joe Thornton wins face-off versus Jonathan Toews in Kings zone.
12:17 of 1st period - Shot by Pavel Datsyuk.
12:17 of 1st period - Deflect By Joe Thornton.
12:17 of 1st period - Shot Blocked by Dan Hamhuis.
12:19 of 1st period - Shot by Joe Thornton.
12:19 of 1st period - Shot Blocked by Daniel Sedin.
13:01 of 1st period - Shot by Pavel Datsyuk.
13:01 of 1st period - Shot Blocked by Jonathan Toews.
13:20 of 1st period - Shot by Nikolaj Ehlers.
13:20 of 1st period - Stopped by Steve Mason without a rebound.
13:21 of 1st period - Pierre-Edouard Bellemare wins face-off versus Scott Hartnell in Kings zone.
13:28 of 1st period - Shot by Jesper Fast.
13:28 of 1st period - Deflect By Pierre-Edouard Bellemare.
13:28 of 1st period - Stopped by Steve Mason with a rebound.
13:34 of 1st period - Shot by Reid Boucher.
13:34 of 1st period - Shot Misses the Net.
13:44 of 1st period - Tyler Myers is hit by Scott Hartnell and loses puck.
14:23 of 1st period - Artem Anisimov is hit by Zemgus Girgensons and loses puck.
15:10 of 1st period - Off-side.
15:11 of 1st period - Joe Thornton wins face-off versus Derek MacKenzie in neutral zone.
15:50 of 1st period - Shot by Pavel Datsyuk.
15:50 of 1st period - Stopped by Steve Mason with a rebound.
15:52 of 1st period - Shot by Vladimir Tarasenko.
15:52 of 1st period - Stopped by Steve Mason without a rebound.
15:53 of 1st period - Matt Duchene wins face-off versus Jonathan Toews in Kings zone.
16:12 of 1st period - Icing by Tyler Myers.
16:13 of 1st period - Mikael Granlund wins face-off versus Matt Duchene in Panthers zone.
16:19 of 1st period - Minor Penalty to Trevor van Riemsdyk for Holding.
16:20 of 1st period - Jonathan Toews wins face-off versus Artem Anisimov in Panthers zone.
16:33 of 1st period - Shot by Daniel Sedin.
16:33 of 1st period - Stopped by Marc-Andre Fleury with a rebound.
16:35 of 1st period - Shot by Tomas Tatar.
16:35 of 1st period - Goal by Tomas Tatar - Panthers : 0 - Kings : 1.
16:36 of 1st period - Patrik Berglund wins face-off versus Matt Duchene in neutral zone.
16:43 of 1st period - Shot by Chris Kunitz.
16:43 of 1st period - Shot Misses the Net.
16:45 of 1st period - Shot by Fedor Tyutin.
16:45 of 1st period - Deflect By Patrik Berglund.
16:45 of 1st period - Shot Misses the Net.
16:47 of 1st period - Shot by Zemgus Girgensons.
16:47 of 1st period - Stopped by Marc-Andre Fleury without a rebound.
16:48 of 1st period - Joe Thornton wins face-off versus Mikael Granlund in Panthers zone.
17:18 of 1st period - Off-side.
17:19 of 1st period - Jonathan Toews wins face-off versus Matt Duchene in neutral zone.
17:52 of 1st period - Shot by Daniel Sedin.
17:52 of 1st period - Shot Misses the Net.
18:28 of 1st period - Shot by Vladimir Tarasenko.
18:28 of 1st period - Stopped by Steve Mason with a rebound.
18:34 of 1st period - Jacob Trouba is hit by Scott Hartnell and loses puck.
18:51 of 1st period - Shot by Scott Hartnell.
18:51 of 1st period - Deflect By Mikael Granlund.
18:51 of 1st period - Stopped by Marc-Andre Fleury without a rebound.
18:52 of 1st period - Artem Anisimov wins face-off versus Patrik Berglund in Panthers zone.
19:11 of 1st period - Shot by Chris Kunitz.
19:11 of 1st period - Shot Misses the Net.
19:15 of 1st period - Shot by Zemgus Girgensons.
19:15 of 1st period - Shot Misses the Net.
19:17 of 1st period - Shot by Evgeny Medvedev.
19:17 of 1st period - Shot Blocked by Trevor van Riemsdyk.
19:21 of 1st period - Shot by Zemgus Girgensons.
19:21 of 1st period - Stopped by Marc-Andre Fleury without a rebound.
19:22 of 1st period - Derek MacKenzie wins face-off versus Matt Duchene in Panthers zone.
19:22 of 1st period - Derek MacKenzie is hit by Justin Braun.
19:36 of 1st period - Shot by Nikita Soshnikov.
19:36 of 1st period - Shot Misses the Net.
19:50 of 1st period - Shot by Matt Duchene.
19:50 of 1st period - Stopped by Steve Mason without a rebound.
19:51 of 1st period - Joe Thornton wins face-off versus Jonathan Toews in Kings zone.
19:52 of 1st period - Shot by Pavel Datsyuk.
19:52 of 1st period - Shot Blocked by Fedor Tyutin.
Goals for this period are 0 for Panthers vs 1 for Kings.
Shots for this period are 12 for Panthers vs 14 for Kings.

2nd period


0:01 of 2nd period - Jonathan Toews wins face-off versus Matt Duchene in neutral zone.
0:06 of 2nd period - Matt Duchene is hit by Jonathan Toews and loses puck.
0:17 of 2nd period - Shot by Matt Duchene.
0:17 of 2nd period - Goal by Matt Duchene - Panthers : 1 - Kings : 1.
0:18 of 2nd period - Mikael Granlund wins face-off versus Joe Thornton in neutral zone.
0:29 of 2nd period - Victor Rask is hit by Pavel Datsyuk and loses puck.
0:36 of 2nd period - Shot by Vladimir Tarasenko.
0:36 of 2nd period - Shot Misses the Net.
0:42 of 2nd period - Shot by Joe Thornton.
0:42 of 2nd period - Stopped by Steve Mason without a rebound.
0:43 of 2nd period - Matt Duchene wins face-off versus Daniel Sedin in Kings zone.
0:43 of 2nd period - Matt Duchene is hit by Dan Hamhuis.
1:11 of 2nd period - Shot by Jonathan Toews.
1:11 of 2nd period - Shot Blocked by Danny DeKeyser.
1:22 of 2nd period - Nikolaj Ehlers is hit by Dan Hamhuis and loses puck.
2:13 of 2nd period - Shot by Vladimir Tarasenko.
2:13 of 2nd period - Stopped by Steve Mason with a rebound.
2:15 of 2nd period - Shot by Justin Braun.
2:15 of 2nd period - Stopped by Steve Mason without a rebound.
2:16 of 2nd period - Patrik Berglund wins face-off versus Artem Anisimov in Kings zone.
2:32 of 2nd period - Shot by Patrik Berglund.
2:32 of 2nd period - Deflect By Chris Kunitz.
2:32 of 2nd period - Stopped by Marc-Andre Fleury with a rebound.
3:16 of 2nd period - Shot by Matt Duchene.
3:16 of 2nd period - Stopped by Steve Mason without a rebound.
3:17 of 2nd period - Matt Duchene wins face-off versus Derek MacKenzie in Kings zone.
3:17 of 2nd period - Nikolaj Ehlers is hit by Stephen Johns and loses puck.
3:25 of 2nd period - Matt Duchene is hit by Fedor Tyutin and loses puck.
3:36 of 2nd period - Shot by Nikolaj Ehlers.
3:36 of 2nd period - Shot Misses the Net.
3:52 of 2nd period - Shot by Nikolaj Ehlers.
3:52 of 2nd period - Shot Misses the Net.
3:54 of 2nd period - Shot by Jesper Fast.
3:54 of 2nd period - Shot Misses the Net.
3:58 of 2nd period - Shot by Matt Duchene.
3:58 of 2nd period - Shot Misses the Net.
4:00 of 2nd period - Shot by Jesper Fast.
4:00 of 2nd period - Stopped by Steve Mason without a rebound.
4:01 of 2nd period - Joe Thornton wins face-off versus Mikael Granlund in Kings zone.
4:21 of 2nd period - Shot by Joe Thornton.
4:21 of 2nd period - Shot Misses the Net.
4:23 of 2nd period - Shot by T.J. Brodie.
4:23 of 2nd period - Shot Blocked by Dan Hamhuis.
4:33 of 2nd period - Shot by Vladimir Tarasenko.
4:33 of 2nd period - Shot Misses the Net.
5:10 of 2nd period - Evgeny Medvedev is hit by Vladimir Tarasenko and loses puck.
5:36 of 2nd period - Shot by Tomas Tatar.
5:36 of 2nd period - Shot Misses the Net.
5:38 of 2nd period - Shot by Tomas Tatar.
5:38 of 2nd period - Stopped by Marc-Andre Fleury without a rebound.
5:39 of 2nd period - Matt Duchene wins face-off versus Patrik Berglund in Panthers zone.
5:39 of 2nd period - Matt Duchene is hit by Zemgus Girgensons.
6:10 of 2nd period - Minor Penalty to Zemgus Girgensons for Holding.
6:10 of 2nd period - Minor Penalty to Jesper Fast for Hooking.
6:11 of 2nd period - Artem Anisimov wins face-off versus Jonathan Toews in neutral zone.
6:32 of 2nd period - Shot by Daniel Sedin.
6:32 of 2nd period - Stopped by Marc-Andre Fleury without a rebound.
6:33 of 2nd period - Jonathan Toews wins face-off versus Artem Anisimov in Panthers zone.
7:09 of 2nd period - Shot by Jonathan Toews.
7:09 of 2nd period - Shot Misses the Net.
7:32 of 2nd period - Tomas Tatar is hit by Vladimir Tarasenko and loses puck.
8:21 of 2nd period - Shot by Reid Boucher.
8:21 of 2nd period - Stopped by Steve Mason with a rebound.
8:23 of 2nd period - Shot by Trevor van Riemsdyk.
8:23 of 2nd period - Shot Misses the Net.
8:25 of 2nd period - Shot by Jesper Fast.
8:25 of 2nd period - Shot Misses the Net.
8:27 of 2nd period - Shot by Tyler Myers.
8:27 of 2nd period - Shot Blocked by Evgeny Medvedev.
8:38 of 2nd period - Minor Penalty to Chris Kunitz for Roughing.
8:39 of 2nd period - Derek MacKenzie wins face-off versus Matt Duchene in Kings zone.
8:39 of 2nd period - Derek MacKenzie is hit by Nikolaj Ehlers.
8:57 of 2nd period - Shot by T.J. Brodie.
8:57 of 2nd period - Stopped by Steve Mason without a rebound.
8:58 of 2nd period - Joe Thornton wins face-off versus Derek MacKenzie in Kings zone.
9:09 of 2nd period - Shot by Pavel Datsyuk.
9:09 of 2nd period - Stopped by Steve Mason without a rebound.
9:10 of 2nd period - Derek MacKenzie wins face-off versus Nikolaj Ehlers in Kings zone.
9:26 of 2nd period - Off-side.
9:27 of 2nd period - Joe Thornton wins face-off versus Derek MacKenzie in neutral zone.
9:37 of 2nd period - Icing by T.J. Brodie.
9:38 of 2nd period - Derek MacKenzie wins face-off versus Joe Thornton in Panthers zone.
9:55 of 2nd period - Shot by Vladimir Tarasenko.
9:55 of 2nd period - Shot Misses the Net.
9:57 of 2nd period - Shot by Joe Thornton.
9:57 of 2nd period - Shot Blocked by Cody Goloubef.
9:59 of 2nd period - Shot by T.J. Brodie.
9:59 of 2nd period - Shot Blocked by Cody Goloubef.
10:08 of 2nd period - Icing by Pavel Datsyuk.
10:09 of 2nd period - Joe Thornton wins face-off versus Patrik Berglund in Panthers zone.
10:44 of 2nd period - Shot by Pierre-Edouard Bellemare.
10:44 of 2nd period - Shot Misses the Net.
11:13 of 2nd period - Shot by Reid Boucher.
11:13 of 2nd period - Stopped by Steve Mason without a rebound.
11:14 of 2nd period - Artem Anisimov wins face-off versus Mikael Granlund in Kings zone.
11:14 of 2nd period - Minor Penalty to Evgeny Medvedev for Hooking.
11:15 of 2nd period - Matt Duchene wins face-off versus Derek MacKenzie in Kings zone.
11:28 of 2nd period - Shot by T.J. Brodie.
11:28 of 2nd period - Stopped by Steve Mason without a rebound.
11:29 of 2nd period - Joe Thornton wins face-off versus Derek MacKenzie in Kings zone.
13:28 of 2nd period - Reid Boucher is hit by Evgeny Medvedev.
13:32 of 2nd period - Shot by Tyler Myers.
13:32 of 2nd period - Shot Misses the Net.
13:46 of 2nd period - Reid Boucher is hit by Stephen Johns and loses puck.
13:49 of 2nd period - Shot by Reid Boucher.
13:49 of 2nd period - Stopped by Steve Mason without a rebound.
13:50 of 2nd period - Jonathan Toews wins face-off versus Joe Thornton in Kings zone.
13:50 of 2nd period - Jonathan Toews is hit by Vladimir Tarasenko.
14:08 of 2nd period - Shot by Daniel Sedin.
14:08 of 2nd period - Shot Blocked by Justin Braun.
14:10 of 2nd period - Shot by Dan Hamhuis.
14:10 of 2nd period - Stopped by Marc-Andre Fleury without a rebound.
14:11 of 2nd period - Artem Anisimov wins face-off versus Patrik Berglund in Panthers zone.
14:11 of 2nd period - Artem Anisimov is hit by Chris Kunitz.
14:14 of 2nd period - Danny DeKeyser is hit by Chris Kunitz and loses puck.
14:30 of 2nd period - Shot by Artem Anisimov.
14:30 of 2nd period - Shot Misses the Net.
14:32 of 2nd period - Shot by Mikkel Boedker.
14:32 of 2nd period - Shot Misses the Net.
14:34 of 2nd period - Shot by Mikkel Boedker.
14:34 of 2nd period - Shot Misses the Net.
14:40 of 2nd period - Shot by Artem Anisimov.
14:40 of 2nd period - Shot Blocked by Stephen Johns.
14:47 of 2nd period - Mikkel Boedker is hit by Fedor Tyutin and loses puck.
15:24 of 2nd period - Shot by Nikolaj Ehlers.
15:24 of 2nd period - Shot Misses the Net.
15:32 of 2nd period - Shot by Jonathan Toews.
15:32 of 2nd period - Shot Misses the Net.
15:40 of 2nd period - Shot by Jesper Fast.
15:40 of 2nd period - Shot Misses the Net.
16:17 of 2nd period - Shot by Vladimir Tarasenko.
16:17 of 2nd period - Shot Misses the Net.
16:19 of 2nd period - Shot by Vladimir Tarasenko.
16:19 of 2nd period - Shot Misses the Net.
16:21 of 2nd period - Shot by Joe Thornton.
16:21 of 2nd period - Stopped by Steve Mason without a rebound.
16:22 of 2nd period - Artem Anisimov wins face-off versus Mikael Granlund in Kings zone.
16:54 of 2nd period - Double Minor Penalty to Scott Hartnell for Boarding.
16:55 of 2nd period - Derek MacKenzie wins face-off versus Joe Thornton in Kings zone.
18:11 of 2nd period - Shot by Tyler Myers.
18:11 of 2nd period - Shot Blocked by Evgeny Medvedev.
18:29 of 2nd period - Danny DeKeyser is hit by J.T. Brown and loses puck.
18:50 of 2nd period - Stephen Johns is hit by Nikolaj Ehlers and loses puck.
19:17 of 2nd period - Shot by Jacob Trouba.
19:17 of 2nd period - Stopped by Steve Mason without a rebound.
19:18 of 2nd period - Derek MacKenzie wins face-off versus Joe Thornton in Kings zone.
19:18 of 2nd period - Derek MacKenzie is hit by Vladimir Tarasenko.
19:36 of 2nd period - Derek MacKenzie is hit by Joe Thornton and loses puck.
Goals for this period are 1 for Panthers vs 0 for Kings.
Shots for this period are 14 for Panthers vs 4 for Kings.

3rd period


0:01 of 3rd period - Derek MacKenzie wins face-off versus Matt Duchene in neutral zone.
0:40 of 3rd period - Zemgus Girgensons is hit by Matt Duchene.
1:08 of 3rd period - Shot by Pavel Datsyuk.
1:08 of 3rd period - Shot Blocked by Jonathan Toews.
1:10 of 3rd period - Shot by Vladimir Tarasenko.
1:10 of 3rd period - Stopped by Steve Mason with a rebound.
1:12 of 3rd period - Shot by Tyler Myers.
1:12 of 3rd period - Shot Misses the Net.
1:31 of 3rd period - Tomas Tatar is hit by Trevor van Riemsdyk and loses puck.
2:02 of 3rd period - Icing by Niklas Kronwall.
2:03 of 3rd period - Mikael Granlund wins face-off versus Artem Anisimov in Kings zone.
2:15 of 3rd period - Jacob Trouba is hit by Mikael Granlund and loses puck.
2:54 of 3rd period - Shot by Matt Duchene.
2:54 of 3rd period - Shot Blocked by Niklas Kronwall.
2:56 of 3rd period - Shot by Justin Braun.
2:56 of 3rd period - Goal by Justin Braun - Panthers : 2 - Kings : 1.
2:57 of 3rd period - Matt Duchene wins face-off versus Jonathan Toews in neutral zone.
3:28 of 3rd period - Daniel Sedin is hit by T.J. Brodie and loses puck.
3:39 of 3rd period - Shot by Jonathan Toews.
3:39 of 3rd period - Goal by Jonathan Toews - Panthers : 2 - Kings : 2.
3:40 of 3rd period - Joe Thornton wins face-off versus Patrik Berglund in neutral zone.
3:43 of 3rd period - Shot by Vladimir Tarasenko.
3:43 of 3rd period - Shot Misses the Net.
3:45 of 3rd period - Shot by Joe Thornton.
3:45 of 3rd period - Shot Misses the Net.
3:54 of 3rd period - Minor Penalty to Joe Thornton for Hooking.
3:55 of 3rd period - Artem Anisimov wins face-off versus Victor Rask in Panthers zone.
4:10 of 3rd period - Shot by Zemgus Girgensons.
4:10 of 3rd period - Shot Misses the Net.
4:24 of 3rd period - Shot by Victor Rask.
4:24 of 3rd period - Shot Hit the Post.
4:26 of 3rd period - Shot by Zemgus Girgensons.
4:26 of 3rd period - Shot Blocked by Justin Braun.
4:28 of 3rd period - Shot by Zemgus Girgensons.
4:28 of 3rd period - Stopped by Marc-Andre Fleury with a rebound.
5:06 of 3rd period - Shot by Scott Hartnell.
5:06 of 3rd period - Deflect By Jonathan Toews.
5:06 of 3rd period - Stopped by Marc-Andre Fleury without a rebound.
5:07 of 3rd period - Jonathan Toews wins face-off versus Pierre-Edouard Bellemare in Panthers zone.
5:12 of 3rd period - Shot by Jonathan Toews.
5:12 of 3rd period - Stopped by Marc-Andre Fleury without a rebound.
5:13 of 3rd period - Mikael Granlund wins face-off versus Pierre-Edouard Bellemare in Panthers zone.
5:14 of 3rd period - Shot by Dan Hamhuis.
5:14 of 3rd period - Stopped by Marc-Andre Fleury without a rebound.
5:15 of 3rd period - Mikael Granlund wins face-off versus Pierre-Edouard Bellemare in Panthers zone.
5:34 of 3rd period - Jacob Trouba is hit by Mikael Granlund and loses puck.
5:50 of 3rd period - Icing by Victor Rask.
5:51 of 3rd period - Mikael Granlund wins face-off versus Artem Anisimov in Kings zone.
6:05 of 3rd period - Shot by Daniel Sedin.
6:05 of 3rd period - Shot Misses the Net.
6:21 of 3rd period - Justin Braun is hit by Jonathan Toews.
7:12 of 3rd period - Icing by Danny DeKeyser.
7:13 of 3rd period - Mikael Granlund wins face-off versus Matt Duchene in Panthers zone.
8:39 of 3rd period - Shot by Artem Anisimov.
8:39 of 3rd period - Shot Misses the Net.
8:41 of 3rd period - Shot by Trevor van Riemsdyk.
8:41 of 3rd period - Deflect By Artem Anisimov.
8:41 of 3rd period - Stopped by Steve Mason without a rebound.
8:42 of 3rd period - Jonathan Toews wins face-off versus Joe Thornton in Kings zone.
8:44 of 3rd period - Icing by Daniel Sedin.
8:45 of 3rd period - Jonathan Toews wins face-off versus Joe Thornton in Kings zone.
9:16 of 3rd period - Shot by Pavel Datsyuk.
9:16 of 3rd period - Goal by Pavel Datsyuk - Panthers : 3 - Kings : 2.
9:17 of 3rd period - Artem Anisimov wins face-off versus Chris Kunitz in neutral zone.
9:17 of 3rd period - Minor Penalty to Zemgus Girgensons for Diving.
9:18 of 3rd period - Derek MacKenzie wins face-off versus Matt Duchene in Kings zone.
9:18 of 3rd period - Derek MacKenzie is hit by Artem Anisimov.
10:47 of 3rd period - Joe Thornton is hit by Fedor Tyutin and loses puck.
12:56 of 3rd period - Shot by Scott Hartnell.
12:56 of 3rd period - Stopped by Marc-Andre Fleury without a rebound.
12:57 of 3rd period - Matt Duchene wins face-off versus Patrik Berglund in Panthers zone.
13:20 of 3rd period - Shot by Nikolaj Ehlers.
13:20 of 3rd period - Shot Misses the Net.
13:22 of 3rd period - Shot by Matt Duchene.
13:22 of 3rd period - Shot Blocked by Niklas Kronwall.
13:29 of 3rd period - Icing by Dan Hamhuis.
13:30 of 3rd period - Joe Thornton wins face-off versus Patrik Berglund in Kings zone.
13:37 of 3rd period - Shot by Vladimir Tarasenko.
13:37 of 3rd period - Stopped by Steve Mason with a rebound.
13:55 of 3rd period - Dan Hamhuis is hit by Vladimir Tarasenko and loses puck.
14:10 of 3rd period - Shot by Vladimir Tarasenko.
14:10 of 3rd period - Stopped by Steve Mason without a rebound.
14:11 of 3rd period - Matt Duchene wins face-off versus Jonathan Toews in Kings zone.
14:13 of 3rd period - Jesper Fast is hit by Evgeny Medvedev and loses puck.
14:55 of 3rd period - Minor Penalty to Jesper Fast for Tripping.
14:56 of 3rd period - Patrik Berglund wins face-off versus Artem Anisimov in Panthers zone.
15:13 of 3rd period - Shot by Dan Hamhuis.
15:13 of 3rd period - Stopped by Marc-Andre Fleury without a rebound.
15:14 of 3rd period - Jonathan Toews wins face-off versus Pierre-Edouard Bellemare in Panthers zone.
16:27 of 3rd period - Shot by Zemgus Girgensons.
16:27 of 3rd period - Shot Misses the Net.
16:29 of 3rd period - Shot by Zemgus Girgensons.
16:29 of 3rd period - Goal by Zemgus Girgensons - Panthers : 3 - Kings : 3.
16:30 of 3rd period - Matt Duchene wins face-off versus Derek MacKenzie in neutral zone.
16:40 of 3rd period - Icing by Fedor Tyutin.
16:41 of 3rd period - Artem Anisimov wins face-off versus Derek MacKenzie in Kings zone.
16:41 of 3rd period - Mikkel Boedker is hit by Fedor Tyutin and loses puck.
16:59 of 3rd period - Off-side.
17:00 of 3rd period - Mikael Granlund wins face-off versus Matt Duchene in neutral zone.
17:15 of 3rd period - Shot by Jesper Fast.
17:15 of 3rd period - Stopped by Steve Mason with a rebound.
17:17 of 3rd period - Shot by Jacob Trouba.
17:17 of 3rd period - Stopped by Steve Mason without a rebound.
17:18 of 3rd period - Jonathan Toews wins face-off versus Artem Anisimov in Kings zone.
17:33 of 3rd period - Shot by Jonathan Toews.
17:33 of 3rd period - Deflect By Tomas Tatar.
17:33 of 3rd period - Shot Blocked by Justin Braun.
17:52 of 3rd period - Shot by Jonathan Toews.
17:52 of 3rd period - Stopped by Marc-Andre Fleury without a rebound.
17:53 of 3rd period - Matt Duchene wins face-off versus Scott Hartnell in Panthers zone.
17:53 of 3rd period - Matt Duchene is hit by Scott Hartnell.
18:03 of 3rd period - Minor Penalty to Scott Hartnell for Hooking.
18:04 of 3rd period - Joe Thornton wins face-off versus Derek MacKenzie in Kings zone.
18:14 of 3rd period - Vladimir Tarasenko is hit by Dan Hamhuis and loses puck.
18:57 of 3rd period - Joe Thornton is hit by Zemgus Girgensons.
Goals for this period are 2 for Panthers vs 2 for Kings.
Shots for this period are 8 for Panthers vs 9 for Kings.

Overtime #1


0:01 of 1st overtime period - Artem Anisimov wins face-off versus Derek MacKenzie in neutral zone.
1:37 of 1st overtime period - Icing by Justin Braun.
1:38 of 1st overtime period - Pavel Datsyuk wins face-off versus Jonathan Toews in Panthers zone.
1:48 of 1st overtime period - Shot by Pavel Datsyuk.
1:48 of 1st overtime period - Shot Misses the Net.
2:49 of 1st overtime period - Shot by Scott Hartnell.
2:49 of 1st overtime period - Shot Misses the Net.
2:51 of 1st overtime period - Shot by Niklas Kronwall.
2:51 of 1st overtime period - Stopped by Marc-Andre Fleury without a rebound.
2:52 of 1st overtime period - Pavel Datsyuk wins face-off versus Mikael Granlund in Panthers zone.
3:09 of 1st overtime period - Shot by Mikael Granlund.
3:09 of 1st overtime period - Stopped by Marc-Andre Fleury without a rebound.
3:10 of 1st overtime period - Victor Rask wins face-off versus Pavel Datsyuk in Panthers zone.
3:11 of 1st overtime period - Shot by Scott Hartnell.
3:11 of 1st overtime period - Deflect By Victor Rask.
3:11 of 1st overtime period - Shot Misses the Net.
3:26 of 1st overtime period - Icing by Evgeny Medvedev.
3:27 of 1st overtime period - Victor Rask wins face-off versus Artem Anisimov in Kings zone.
3:37 of 1st overtime period - Shot by Artem Anisimov.
3:37 of 1st overtime period - Stopped by Steve Mason without a rebound.
3:38 of 1st overtime period - Jonathan Toews wins face-off versus Pavel Datsyuk in Kings zone.
4:41 of 1st overtime period - Shot by Scott Hartnell.
4:41 of 1st overtime period - Shot Misses the Net.
4:43 of 1st overtime period - Shot by Scott Hartnell.
4:43 of 1st overtime period - Goal by Scott Hartnell - Panthers : 3 - Kings : 4.
Goals for this period are 0 for Panthers vs 1 for Kings.
Shots for this period are 1 for Panthers vs 3 for Kings.